 Dungeon Crawl Stone Soup version 0.30-a0-953-g5f1da4a474 (webtiles) character file.

Game seed: 16252864050120154299

267 cforsyth the Cudgeller (level 6, 0/45 (51) HPs)
             Began as a Formicid Fighter on Mar 28, 2023.
             Killed from afar by Ijyb (19 damage)
             ... with a bolt of light
             ... on level 3 of the Dungeon.
             The game lasted 00:03:47 (2137 turns).

cforsyth the Cudgeller (Formicid Fighter)           Turns: 2137, Time: 00:03:47

HP:   0/45 (51)     AC: 14    Str: 22    XL:     6   Next: 45%
MP:   6/6           EV:  7    Int:  8    God:
Gold: 75            SH:  5    Dex: 13    Spells: 5/5 levels left

rFire   . . .      SeeInvis +    a - +0 flail
rCold   . . .      Faith    .    c - +0 buckler
rNeg    . . .      Spirit   .    n - +0 chain mail
rPois   .          Reflect  .    (helmet unavailable)
rElec   .          Rampage  .    (no cloak)
rCorr   .                        (no gloves)
Will    .....                    p - +0 pair of boots Stlth
                                 (no amulet)
HPRegen 0.27/turn                u - +4 ring of protection
MPRegen 0.10/turn                v - ring of flight

@: flying, heavily drained
A: permanent stasis, dig shafts and tunnels, antennae 3, four strong arms
a: Dig, Shaft Self


You were on level 3 of the Dungeon.
You visited 1 branch of the dungeon, and saw 3 of its levels.
You also visited: Sewer.

You collected 114 gold pieces.
You spent 39 gold pieces at shops.

Inventory:

Hand Weapons
 a - a +0 flail (weapon)
Armour
 b - a +0 scale mail
 c - a +0 buckler (worn)
 n - a +0 chain mail (worn)
 p - a +0 pair of boots (worn)
Jewellery
 u - a +4 ring of protection (left hand)
 v - a ring of flight (right hand)
Scrolls
 e - 2 scrolls of identify {unknown}
 f - a scroll of vulnerability {unknown}
 j - a scroll of fear {unknown}
 k - a scroll of fog {unknown}
 o - a scroll of noise {unknown}
 r - a scroll of amnesia {unknown}
 t - a scroll of enchant armour {unknown}
 w - a scroll of butterflies {unknown}
 x - a scroll of brand weapon {unknown}
 y - a scroll of enchant weapon {unknown}
 z - a scroll of magic mapping {unknown}
 A - a scroll of teleportation {unknown}
Potions
 d - a potion of might
 g - 2 potions of curing {unknown}
 h - 3 potions of heal wounds {unknown}
 i - 2 potions of mutation {unknown}
 l - a potion of lignification {unknown}
 m - a potion of berserk rage {unknown}
 q - 2 potions of attraction {unknown}
 s - 2 potions of degeneration {unknown}


   Skills:
 + Level 5.0 Fighting
 * Level 5.2 Maces & Flails
 - Level 3.3 Armour
 - Level 4.0 Shields


You had 5 spell levels left.
You didn't know any spells.
Your spell library contained the following spells:

 Spells                   Type           Power      Damage    Failure   Level
 Ensorcelled Hibernation  Hex/Ice        0%         N/A       100%        2
 Dazzling Flash           Conj/Hex       0%         N/A       100%        3
 Hailstorm                Conj/Ice       0%         3d3       100%        3
 Spider Form              Tmut/Pois      0%         N/A       100%        3
 Anguish                  Hex/Necr       0%         N/A       100%        4
 Ice Form                 Ice/Tmut       0%         N/A       100%        4
 Agony                    Necr           0%         N/A       100%        5
 Silence                  Hex/Air        0%         N/A       100%        5
 Simulacrum               Ice/Necr       0%         N/A       100%        6


Dungeon Overview and Level Annotations

Branches:
Dungeon (3/15)              Sewer (visited)

Altars:

Shops:
D:3 **

Annotations:
D:3 Ijyb


Innate Abilities, Weirdness & Mutations

You cannot be hasted, slowed, berserked, paralysed or teleported.
You can dig through walls and to a lower floor.
You have a pair of large antennae on your head. (SInv)
Your four strong arms can wield two-handed weapons with a shield.


Message History

There is an entrance to Jenedoatuo's General Store here.
You reach down and open the door.
Ijyb the Twisted Goblin comes into view.
She is wielding a +1 dagger of draining and carrying a wand of light (12).
Ijyb shouts!
Ijyb is nearby!
Ijyb is nearby!
Ijyb is nearby!
Ijyb zaps a wand.
The bolt of light hits you!
There is an open door here.
You sock Ijyb!
Ijyb is moderately wounded.
Ijyb hits you but does no damage.
You feel drained.
Ijyb zaps a wand.
The bolt of light hits you!
You are confused.
You are too confused!
You are too confused!
You are too confused!
You are too confused!
You are too confused!
You are too confused!
You are too confused!
You are too confused!
You closely miss Ijyb.
Ijyb is moderately wounded.
Ijyb hits you but does no damage.
You feel drained.
You hit Ijyb but do no damage.
Ijyb is moderately wounded.
Ijyb hits you but does no damage.
You feel drained.
You bump into the rock wall.
You feel less confused. Ijyb screams, "I dance on your bones!"
Ijyb hits you but does no damage.
You feel drained.
You hit Ijyb but do no damage.
Ijyb is moderately wounded.
Ijyb hits you with a +1 dagger of draining.
You feel drained.
You hit Ijyb but do no damage.
Ijyb is moderately wounded.
Ijyb zaps a wand.
The bolt of light hits you!!
You die...

.~♣..~.~.........
...~..~.~.....###.#
.~~~♣.≈.......# .#
~≈.~~~........# .#
~~~.≈~≈~~.....# .#
..~≈....~...#+# .##
~.♣.≈~.....##.# ..# #########
..~....######.###..# ##~~.~~~~##
~..~≈..~..+..∩..@g.# #~#######.#
.≈.≈~~~~.####.####.# #÷#~~.~##~#
#...........#.##...# #~#~###~#~#
#.........###'###### #~#~#.#~#.#
#......##..#..# #####~#~#~#÷#~#
#......###...## ##...#.##~##~#~#
#......###.### ##....#~#####~#.#
#............####.....##..~~~##÷#
.......................#######.##


You could see Ijyb.

Vanquished Creatures
  A water moccasin (Sewer)
  Natasha (twice) (D:3 D:2)
  4 adders
  A worm (D:2)
  3 ball pythons
  6 bats
  8 endoplasms
  A giant cockroach (D:3)
  5 goblins
  6 hobgoblins
  5 jackals
  11 quokkas
  4 frilled lizards
  4 kobolds
  5 rats
66 creatures vanquished.

Notes
Turn   | Place    | Note
-------+----------+-------------------------------------------
     0 | D:1      | cforsyth the Formicid Fighter began the quest for the Orb.
     0 | D:1      | Reached XP level 1. HP: 18/18 MP: 1/1
   188 | D:1      | Reached XP level 2. HP: 24/24 MP: 2/2
   291 | D:1      | Reached XP level 3. HP: 17/29 MP: 3/3
   919 | D:2      | Reached XP level 4. HP: 31/37 MP: 4/4
  1315 | D:3      | Found Piux's Assorted Antiques.
  1319 | D:3      | Bought a scroll labelled EMURCHO HILEGIWK for 21 gold
                  | pieces
  1319 | D:3      | Bought a bubbling blue potion for 18 gold pieces
  1398 | D:3      | Noticed Natasha
  1403 | D:3      | Killed Natasha
  1404 | D:3      | Reached XP level 5. HP: 29/43 MP: 5/5
  1569 | D:3      | Found a glowing drain.
  1573 | Sewer    | Entered a sewer
  1632 | Sewer    | Noticed a water moccasin
  1638 | Sewer    | Killed a water moccasin
  1639 | Sewer    | Reached skill level 5 in Maces & Flails
  1639 | Sewer    | Reached XP level 6. HP: 36/50 MP: 6/6
  1853 | D:3      | Noticed Natasha
  1878 | D:2      | Killed Natasha
  1879 | D:2      | Reached skill level 5 in Fighting
  2123 | D:3      | Found Jenedoatuo's General Store.
  2130 | D:3      | Noticed Ijyb
  2137 | D:3      | Killed from afar by Ijyb

Illustrated notes

Levels and vault maps discovered:
D:1:      heliophobic_arrival_dark_side_of_the_moon, layout_loops_ring
D:2:      layout_rooms, kennysheep_path_1, corexii_item_surrounded_by_moat
D:3:      layout_rooms, gup_sewer_entry_spiral, ebering_ghost_reflecting_pool,
          serial_shops, nicolae_shop_hallway_plus, nicolae_shop_crystal,
          dk_noncrumbling_4, chequers_serial_rivers_marsh, uniq_natasha,
          uniq_ijyb

Skill      XL: |  1  2  3  4  5  6 |
---------------+-------------------+-----
Maces & Flails | 3 4 5 |  5.2
Fighting       | 4 5 |  5.0
Armour         | |  3.3
Shields        | |  4.0

Action                     |  1- 3 |  4- 6 || total
---------------------------+-------+-------++-------
  Melee: Flail             |    84 |   122 ||   206
         Unarmed           |       |     2 ||     2
    Use: Potion            |       |     1 ||     1
 Armour: Scale mail        |    49 |     8 ||    57
         Chain mail        |       |    48 ||    48
         Skin              |       |     2 ||     2
  Dodge: Dodged            |    45 |    58 ||   103
  Block: Buckler           |    13 |    28 ||    41

Table legend: (Time is in decaauts)
 A = Elapsed time spent in this place.
 B = Non-inter-level travel time spent in this place.
 C = Inter-level travel time spent in this place.
 D = Time resting spent in this place.
 E = Time spent auto-exploring this place.
 F = Levels seen in this place.
 G = Mean time per level.
                   A        B        C        D        E       F      G
               +--------+--------+--------+--------+--------+-----+--------+
         Total |   2216 |   2120 |     96 |      0 |   1376 |   4 |  554.0 |
       Dungeon |   1986 |   1890 |     96 |      0 |   1220 |   3 |  662.0 |
         Sewer |    230 |    230 |      0 |      0 |    156 |   1 |  230.0 |
               +--------+--------+--------+--------+--------+-----+--------+

Top non-repeatable levels by time:
     D:1: 739 daAuts
     D:2: 634 daAuts
     D:3: 613 daAuts
   Sewer: 230 daAuts
